AoeStats
← SC_Dead Rabbit "The original"

Hideout

509239904Analyzed
1v1 RM · 7d ago on Sep 26, 2026· 37m 55s· 2 players
Game mode
Random Map
Map size
Tiny (2 player)
Population
200
Speed
Normal
Resources
Standard
Victory
Conquest
Starting age
Dark Age
Ending age
Imperial Age
RankedLock teamsTeams togetherTeam positionsShared explorationLock speedFull tech treeHidden civsTurbo modeCheats
Victory
Defeat
🇲🇽 Slavs · Mexico
885
+16
890
-16
barreda.pablo
9:28 Feudal Age
9:48 Man-at-Arms
10:42 Double-Bit Axe
13:38 Scale Mail Armor
14:11 Fletching
20:49 Forging
26:37 Castle Age
27:51 Bow Saw
27:27 Horse Collar
28:32 Squires
29:21 Iron Casting
28:35 Long Swordsman
31:12 Scale Barding Armor
33:31 Wheelbarrow
33:18 Stone Mining
33:22 Gold Mining
36:05 Imperial Age
34:42 Heavy Plow
35:27 Gold Shaft Mining
35:38 Chain Barding Armor
SC_Dead Rabbit "The original"
5:38 Loom
10:39 Feudal Age
15:30 Fletching
28:03 Castle Age
27:59 Double-Bit Axe
Connection lost

Rejoining the realm…

Still unreachable

The connection could not be restored.

Session expired

The server has moved on; the page needs a fresh start.